 Dungeon Crawl Stone Soup version 0.29.1-1-gd02db6906a (webtiles) character file.

Game seed: 660001608568103935

1073 holycorn the Cleaver (level 8, -2/70 HPs)
             Began as a Minotaur Berserker on Sept 21, 2022.
             Was a Priest of Trog.
             Slain by an orc warrior
             ... wielding a +0 scimitar
              (13 damage)
             ... on level 6 of the Dungeon.
             The game lasted 00:10:53 (5466 turns).

holycorn the Cleaver (Minotaur Berserker)           Turns: 5466, Time: 00:10:54

Health: -2/70      AC:  7    Str: 23    XL:     8   Next: 7%
Magic:  0/7        EV: 12    Int:  4    God:    Trog [***...]
Gold:   455        SH:  0    Dex: 11    Spells: 7/7 levels left

rFire   . . .      SeeInvis .   a - +0 hand axe
rCold   . . .      Faith    .   (no shield)
rNeg    . . .      Spirit   +   r - +2 leather armour {Will+}
rPois   .          Reflect  .   (helmet restricted)
rElec   .          Harm     .   (no cloak)
rCorr   .          Rampage  .   f - +1 pair of gloves
Will    ++...                   (no boots)
Stlth   +.........              o - amulet of guardian spirit
HPRegen 0.21/turn               j - ring of willpower
MPRegen 0.10/turn               (no ring)

@: no status effects
A: horns 2, retaliatory headbutt
a: Renounce Religion, Berserk, Trog's Hand


You were on level 6 of the Dungeon.
You worshipped Trog.
Trog was most pleased with you.
You visited 1 branch of the dungeon, and saw 6 of its levels.
You also visited: Ossuary.

You collected 455 gold pieces.

Inventory:

Hand Weapons
 a - a +0 hand axe (weapon)
Missiles
 t - 2 throwing nets (quivered)
Armour
 b - a +0 animal skin
 f - a +1 pair of gloves (worn)
 m - a +0 ring mail
 r - a +2 leather armour of willpower (worn)
 A - a +0 tower shield
Jewellery
 j - a ring of willpower (left hand)
 o - an amulet of guardian spirit (around neck)
Wands
 w - a wand of mindburst (13)
Scrolls
 d - 6 scrolls of fog
 h - 5 scrolls of teleportation
 k - a scroll of poison
 l - a scroll of fear {unknown}
 p - 2 scrolls of noise {unknown}
 s - a scroll of magic mapping {unknown}
 u - 2 scrolls of amnesia {unknown}
 y - a scroll of enchant weapon {unknown}
Potions
 c - a potion of attraction
 e - 4 potions of might
 g - a potion of mutation {unknown}
 i - 3 potions of lignification {unknown}
 n - 4 potions of curing
 q - 2 potions of heal wounds {unknown}
 v - a potion of haste
 x - a potion of cancellation {unknown}
 z - a potion of ambrosia {unknown}


   Skills:
 + Level 5.9 Fighting
 * Level 10.8 Axes
 - Level 2.5 Armour
 - Level 2.4 Dodging


You had 7 spell levels left.
You didn't know any spells.
Your spell library was empty.

Dungeon Overview and Level Annotations

Branches:
Dungeon (6/15)             Temple (0/1) D:5         Ossuary (visited)

Altars:
Cheibriados
Elyvilon
Gozag
Trog
Uskayaw
Xom
Zin
The Shining One

Shops:
D:1 (![=(


Innate Abilities, Weirdness & Mutations

You have a pair of horns on your head.
You reflexively headbutt those who attack you in melee.


Message History

You closely miss the orc warrior.
The orc warrior hits you with a +0 scimitar!
The orc priest calls down the wrath of Beogh upon you.
You resist with almost no effort.
You hit the orc warrior but do no damage.
The orc warrior is moderately wounded.
The orc warrior hits you with a +0 scimitar.
The orc priest looks braver for a moment.
You closely miss the orc warrior.
The orc warrior is moderately wounded.
You hit the orc warrior but do no damage.
The orc warrior is moderately wounded.
The orc warrior hits you with a +0 scimitar!
You hit the orc warrior but do no damage.
The orc warrior is moderately wounded.
You hit the orc priest.
The orc warrior hits you with a +0 scimitar.
The orc priest closely misses you. You furiously retaliate!
You headbutt the orc priest!
You kill the orc priest!
Trog accepts your kill.
You hit the orc warrior but do no damage.
Your headbutt misses the orc warrior.
The orc warrior is moderately wounded.
The orc warrior hits you with a +0 scimitar!
You hit the orc warrior.
You headbutt the orc warrior, but do no damage.
The orc warrior is moderately wounded.
You hit the orc warrior.
The orc warrior is heavily wounded.
The orc warrior hits you with a +0 scimitar.
You hit the orc warrior but do no damage.
The orc warrior is heavily wounded.
The orc warrior hits you with a +0 scimitar!
* * * LOW HITPOINT WARNING * * *
You hit the orc warrior but do no damage.
Your headbutt misses the orc warrior.
The orc warrior is heavily wounded.
The orc warrior hits you with a +0 scimitar!
You die...

##..........
#.......[...
#...........
#...........
############...........
...........#...........
...........#...........
...........#.#.........
......)@...#.#.#########
......)o............>...
...........#.#.#####.###
...........#.#..........
#######.........####.###
...........# #....
............# #.###
.......#.#######.#
.......#.........#


You could see an orc warrior.

Vanquished Creatures
  Eustachio (D:4)
  Menkaure (D:4)
  A sky beast (D:6)
  An ice beast (D:5)
  An ogre (D:5)
  A howler monkey (D:4)
  A hound (D:5)
  An orc priest (D:6)
  3 jellies
  2 iguanas (D:4)
  9 mummies
  5 adders
  An ufetubus (D:5)
  2 worms
  5 dart slugs
  11 orcs
  6 ball pythons
  10 endoplasms
  3 giant cockroaches
  A gnoll zombie (Ossuary)
  10 goblins
  9 hobgoblins
  5 jackals (D:4)
  5 quokkas
  5 bats
  A frilled lizard (D:1)
  2 hobgoblin zombies
  7 kobolds
  3 kobold zombies (Ossuary)
  4 orc zombies
  6 rats
123 creatures vanquished.

Notes
Turn   | Place    | Note
-------+----------+-------------------------------------------
     0 | D:1      | holycorn the Minotaur Berserker began the quest for the
                  | Orb.
     0 | D:1      | Reached XP level 1. HP: 19/19 MP: 0/0
     0 | D:1      | Noticed a merfolk
     1 | D:1      | Noticed a felid
     8 | D:1      | Noticed a demonspawn zombie
    11 | D:1      | Noticed a spriggan
    13 | D:1      | Noticed a naga
    15 | D:1      | Noticed a merfolk
    19 | D:1      | Noticed a troll
   125 | D:1      | Found Vyirair's Antique Weapon Emporium.
   131 | D:1      | Reached skill level 4 in Axes
   152 | D:1      | Reached XP level 2. HP: 27/27 MP: 1/1
   362 | D:1      | Found Uhazas's Armour Emporium.
   397 | D:1      | Found Nol Toth's Jewellery Boutique.
   638 | D:1      | Found Xejievac's Distillery.
   855 | D:1      | Found Voull's Weapon Boutique.
   863 | D:1      | Reached XP level 3. HP: 33/33 MP: 2/2
  1147 | D:2      | Found a faded altar of an unknown god.
  1255 | D:2      | Reached skill level 5 in Axes
  1275 | D:2      | Reached ** piety under Trog
  1346 | D:2      | Reached XP level 4. HP: 39/40 MP: 3/3
  1650 | D:2      | Found a shimmering altar of Xom.
  1788 | D:3      | Found a snail-covered altar of Cheibriados.
  2569 | D:4      | Reached skill level 6 in Axes
  2573 | D:4      | Reached XP level 5. HP: 41/47 MP: 2/4
  2816 | D:4      | Noticed Eustachio
  2841 | D:4      | Killed Eustachio
  2842 | D:4      | Reached skill level 7 in Axes
  2842 | D:4      | Reached XP level 6. HP: 8/55 MP: 1/5
  3128 | D:4      | Noticed Menkaure
  3138 | D:4      | Killed Menkaure
  3139 | D:4      | Reached skill level 5 in Fighting
  3139 | D:4      | Reached skill level 8 in Axes
  3220 | D:4      | Found a bloodstained altar of Trog.
  3485 | D:4      | Found an opulent altar of Gozag.
  3486 | D:4      | Found a hide-covered altar of Uskayaw.
  3495 | D:4      | Reached XP level 7. HP: 54/61 MP: 6/6
  3607 | D:4      | Found a glowing silver altar of Zin.
  3609 | D:4      | Found a white marble altar of Elyvilon.
  3609 | D:4      | Found a glowing golden altar of the Shining One.
  3749 | D:5      | Entered Level 5 of the Dungeon
  3835 | D:5      | Reached skill level 9 in Axes
  3880 | D:5      | Found a staircase to the Ecumenical Temple.
  3924 | D:5      | Found a sand-covered staircase.
  3936 | Ossuary  | Entered an ossuary
  3959 | Ossuary  | Reached *** piety under Trog
  4643 | D:5      | Reached skill level 10 in Axes
  5118 | D:5      | Found a shimmering altar of Xom.
  5242 | D:6      | Reached XP level 8. HP: 42/70 MP: 1/7
  5466 | D:6      | Slain by an orc warrior

Illustrated notes

Levels and vault maps discovered:
D:1:      shiori_arrival_whats_in_store_for_you, layout_loops_corners,
          serial_shops, nicolae_shop_overgrown_old_shop, nicolae_diamond_shop,
          nicolae_square_shop, nicolae_square_shop, shop
D:2:      layout_rooms, hellmonk_ecumenical_altar_inner_sanctum, basic_altar
D:3:      layout_loops_cross, kennysheep_slug_shrine, roderic_three_in_a_row
D:4:      layout_cave_pools, dreamdust_divine_triumvirate,
          mainiacjoe_overflow_big_doors, trog_hazing_becter, uniq_eustachio,
          uniq_menkaure
D:5:      layout_basic, general_overflow_altar,
          minmay_temple_entry_glassed_door, nicolae_ossuary_entry_giza
D:6:      layout_basic, serial_shops, shop

Skill      XL: |  1  2  3  4  5  6  7 |
---------------+----------------------+-----
Axes           | 4 5 6 7 8 10 | 10.8
Fighting       | 4 5 |  5.9
Armour         | |  2.5
Dodging        | |  2.4

Action                   |  1- 3 |  4- 6 |  7- 9 || total
-------------------------+-------+-------+-------++-------
Melee: Hand axe          |    70 |   109 |   111 ||   290
       Headbutt          |     7 |    20 |    20 ||    47
       Punch             |     1 |     2 |     2 ||     5
Invok: Berserk           |       |     3 |     2 ||     5
  Use: Scroll            |       |       |     7 ||     7
       Potion            |       |       |     1 ||     1
Armor: Animal skin       |    12 |     4 |       ||    16
       Ring mail         |       |    19 |       ||    19
       Leather armour    |       |     8 |    22 ||    30
Dodge: Dodged            |    43 |    69 |    58 ||   170
